 Dungeon Crawl Stone Soup version 0.29.1-2-gbd0b4ee654 (webtiles) character file.

Game seed: 14195756700694162993

387 GorkyZ the Shield-Bearer (level 7, -6/55 HPs)
             Began as a Formicid Fighter on Nov 19, 2022.
             Mangled by a gnoll
             ... wielding a +0 halberd
             ... led by a gnoll sergeant
              (9 damage)
             ... on level 5 of the Dungeon.
             The game lasted 00:13:22 (3408 turns).

GorkyZ the Shield-Bearer (Formicid Fighter)         Turns: 3408, Time: 00:13:22

Health: -6/55      AC: 15    Str: 23    XL:     7   Next: 7%
Magic:  7/7        EV:  6    Int:  7    God:
Gold:   225        SH:  5    Dex: 11    Spells: 6/6 levels left

rFire   + . .      SeeInvis +   a - +1 war axe
rCold   . . .      Faith    .   c - +0 buckler
rNeg    . . .      Spirit   .   h - +1 plate armour
rPois   .          Reflect  .   (helmet unavailable)
rElec   .          Harm     .   (no cloak)
rCorr   .          Rampage  .   q - +1 pair of gloves
Will    .....                   (no boots)
Stlth   ..........              p - amulet of the acrobat
HPRegen 0.18/turn               o - ring of protection from fire
MPRegen 0.10/turn               (no ring)

@: no status effects
A: permanent stasis, dig shafts and tunnels, antennae 3, four strong arms, fangs
1, clumsy 1
a: Dig, Shaft Self


You were on level 5 of the Dungeon.
You visited 1 branch of the dungeon, and saw 5 of its levels.

You collected 225 gold pieces.

Inventory:

Hand Weapons
 a - a +1 war axe (weapon)
 w - a +0 scythe
Missiles
 m - 3 poisoned darts (quivered)
 u - 4 javelins
Armour
 b - a +0 scale mail
 c - a +0 buckler (worn)
 h - a +1 plate armour (worn)
 j - a +0 pair of gloves
 q - a +1 pair of gloves (worn)
 v - a +0 pair of gloves
Jewellery
 o - a ring of protection from fire (left hand)
 p - an amulet of the acrobat (around neck)
 s - a ring of magical power
Wands
 y - a wand of polymorph (13)
Scrolls
 g - a scroll of blinking
 i - a scroll of enchant weapon
Potions
 d - a potion of might
 f - a potion of brilliance
 l - a potion of attraction
 n - a potion of degeneration


   Skills:
 + Level 4.4 Fighting
 + Level 3.3 Axes
 + Level 2.3 Throwing
 + Level 4.3 Armour
 * Level 6.6 Shields


You had 6 spell levels left.
You didn't know any spells.
Your spell library contained the following spells:

 Spells                   Type           Power      Damage    Failure   Level
 Call Canine Familiar     Summ           0%         N/A       100%        3
 Dazzling Flash           Conj/Hex       0%         N/A       100%        3
 Portal Projectile        Hex/Tloc       0%         N/A       100%        3
 Iskenderun's Mystic Bla  Conj/Tloc      0%         2d3       100%        4
 Leda's Liquefaction      Hex/Erth       0%         N/A       100%        4
 Starburst                Conj/Fire      0%         6d3       100%        6


Dungeon Overview and Level Annotations

Branches:
Dungeon (5/15)
 Temple: D:4-7

Altars:
Hepliaklqana
Makhleb
Uskayaw
Yredelemnul
The Shining One

Shops:
D:3 :


Innate Abilities, Weirdness & Mutations

You cannot be hasted, slowed, berserked, paralysed or teleported.
You can dig through walls and to a lower floor.
You have a pair of large antennae on your head. (SInv)
Your four strong arms can wield two-handed weapons with a shield.
You have very sharp teeth.
You are clumsy. (Dex -2)


Message History

The gnoll sergeant hits you but does no damage.
You writhe in agony.
* * * LOW HITPOINT WARNING * * *
There are monsters nearby!
There are monsters nearby!
There are monsters nearby!
You block the gnoll sergeant's attack. The gnoll sergeant closely misses you.
The gnoll sergeant hits you but does no damage.
You block the gnoll sergeant's attack. The gnoll sergeant barely misses you.
The gnoll sergeant barely misses you. You block the gnoll sergeant's attack.
The gnoll sergeant hits you but does no damage.
You writhe in agony.
* * * LOW HITPOINT WARNING * * *
The gnoll sergeant hits you from afar with a +0 trident of pain.
* * * LOW HITPOINT WARNING * * *
Okay, then.
As you read the scroll of identify, it crumbles to dust.
g - a scroll of blinking The gnoll sergeant hits you from afar with a +0 trident of pain.
* * * LOW HITPOINT WARNING * * *
You writhe in agony.
* * * LOW HITPOINT WARNING * * *
As you read the scroll labelled IZXUERYLOM, it crumbles to dust.
You assume a fearsome visage.
The gnoll sergeant looks frightened!
The gnoll looks frightened! x3; It was a scroll of fear.
Really walk into that cloud of poison gas?
Okay, then.
There are no items here.
Cornered, the gnoll turns to fight! x2
Cornered, the gnoll sergeant turns to fight!
Are you sure you want to shaft yourself?
The gnoll sergeant hits you from afar with a +0 trident of pain.
* * * LOW HITPOINT WARNING * * *
You begin to dig a shaft.
You continue digging a shaft.
You block the gnoll sergeant's attack.
The gnoll hits you from afar with a +0 halberd!
You die...

#.....######## ##
###.#.### #..... #.
..#.#.# #.#### #°
#.#.#.# #.#### #.
#.#.#.# #.....
#○##.#.#.#####.####
#.°#.○.........#
#°#°#○#######.#
#@.°>○........#
#######.###..######.####
......gg# #..# #.....
#######g###..## ######
#.g.....#
......○.#.#...#
#######)#.# .. #.. . ...
..


You could see a gnoll sergeant and 3 gnolls.

Vanquished Creatures
  Sigmund (D:3)
  A hound (D:5)
  2 iguanas (D:5)
  Robin (D:3)
  5 adders
  A shadow imp (D:5)
  A white imp (D:4)
  2 dart slugs (D:3)
  10 orcs
  3 ball pythons
  3 bats
  4 endoplasms
  3 giant cockroaches
  9 goblins
  8 hobgoblins
  5 kobolds
  2 quokkas
  2 frilled lizards
  3 rats (D:1)
66 creatures vanquished.

Notes
Turn   | Place    | Note
-------+----------+-------------------------------------------
     0 | D:1      | GorkyZ the Formicid Fighter began the quest for the Orb.
     0 | D:1      | Reached XP level 1. HP: 18/18 MP: 1/1
   271 | D:1      | Reached XP level 2. HP: 24/24 MP: 2/2
   894 | D:2      | Found a faded altar of an unknown god.
  1006 | D:2      | Found a hazy altar of Hepliaklqana.
  1110 | D:2      | Reached XP level 3. HP: 27/29 MP: 3/3
  1455 | D:3      | Found a glowing golden altar of the Shining One.
  1457 | D:3      | Noticed an angel
  1476 | D:3      | Found a basalt altar of Yredelemnul.
  1478 | D:3      | Noticed a profane servitor
  1501 | D:3      | Noticed Sigmund
  1515 | D:3      | Killed Sigmund
  1516 | D:3      | Reached skill level 1 in Throwing
  1516 | D:3      | Reached skill level 5 in Shields
  1516 | D:3      | Reached XP level 4. HP: 29/37 MP: 4/4
  1516 | D:3      | Reached XP level 5. HP: 33/42 MP: 5/5
  1516 | D:3      | Reached XP level 6. HP: 38/48 MP: 6/6
  1680 | D:3      | Identified the +7 chain mail of Sorcery {Int+5}
  1683 | D:3      | Found Qic Urghe's Book Shop.
  1806 | D:3      | Found a hazy altar of Hepliaklqana.
  1806 | D:3      | Found a burning altar of Makhleb.
  1828 | D:3      | Noticed Robin
  1850 | D:3      | Reached skill level 6 in Shields
  1855 | D:3      | Killed Robin
  2107 | D:4      | Gained mutation: You are frail. (-10% HP) [potion of
                  | mutation]
  2107 | D:4      | Gained mutation: Your flesh is heat resistant. (rF+)
                  | [potion of mutation]
  2140 | D:4      | Lost mutation: Your flesh is heat resistant. (rF+) [potion
                  | of mutation]
  2140 | D:4      | Lost mutation: You are frail. (-10% HP) [potion of
                  | mutation]
  2140 | D:4      | Gained mutation: You are clumsy. (Dex -2) [potion of
                  | mutation]
  2140 | D:4      | Gained mutation: You have very sharp teeth. [potion of
                  | mutation]
  2343 | D:4      | Noticed a +0 falchion
  2344 | D:4      | Noticed a +0 short sword
  2344 | D:4      | Noticed a +0 falchion
  2345 | D:4      | Noticed a +0 dagger
  2345 | D:4      | Noticed a +0 spear
  2345 | D:4      | Noticed a +0 dagger
  2345 | D:4      | Noticed a +0 short sword
  2346 | D:4      | Noticed a +0 spear
  2357 | D:4      | Found a hide-covered altar of Uskayaw.
  2934 | D:5      | Entered Level 5 of the Dungeon
  3241 | D:5      | Reached XP level 7. HP: 37/55 MP: 7/7
  3408 | D:5      | Mangled by a gnoll

Illustrated notes

Levels and vault maps discovered:
D:1:      amcnicky_arrival_choice, layout_loops_ring, st_stairs_7
D:2:      layout_loops_ring, basic_altar, shapermc_ecumenical_altar_flowoftime
D:3:      layout_rooms, grunt_temple_overflow_holy_war,
          mainiacjoe_overflow_divided_tiny, serial_shops,
          nicolae_shop_window_shopping, uniq_sigmund, uniq_robin
D:4:      layout_loops_ring, nicolae_uskayaw_en_pointe
D:5:      layout_loops_ring, minmay_temple_entry_arrows

Skill      XL: |  1  2  3  4  5  6 |
---------------+-------------------+-----
Fighting       | 4 |  4.4
Throwing       | 1 2 |  2.3
Armour         | 4 |  4.3
Shields        | 5 6 |  6.6
Axes           | 3 |  3.3

Action                   |  1- 3 |  4- 6 |  7- 9 || total
-------------------------+-------+-------+-------++-------
Melee: War axe           |    52 |   126 |     6 ||   184
       Bite              |       |     5 |       ||     5
 Abil: Shaft Self        |       |       |     1 ||     1
  Use: Scroll            |       |    10 |     3 ||    13
       Potion            |       |     4 |       ||     4
Armor: Scale mail        |     6 |       |       ||     6
       Plate armour      |    26 |    76 |     8 ||   110
Dodge: Dodged            |    25 |    44 |     8 ||    77
Block: Buckler           |    12 |    35 |     9 ||    56
